[Event "DSAM Bad Wildungen 2024"]
[Site "Bad Wildungen"]
[Date "2024.08.01"]
[Round "1.1"]
[White "Moritz, Aron"]
[Black "Noetzel, Felix"]
[Result "0-1"]
[Annotator "RC"]
[ECO "C54"]
[WhiteElo "2300"]
[BlackElo "2163"]
[PlyCount "112"]
[EventDate "2024.07.31"]
[EventCountry "GER"]
[SourceTitle "playchess.com"]
[Source "ChessBase"]
[SourceQuality "1"]
[TimeControl "40/5400+30:900+30"]

1. e4 e5 2. Nf3 Nc6 3. Bc4 Nf6 4. d3 Bc5 5. c3 d6 6. O-O a6 7. a4 Ba7 8. Nbd2 O-O 9. Re1 Ng4 10. Re2 Kh8 11. Nf1 f5 12. h3 Nf6 13. Be3 fxe4 14. dxe4 Nh5 15. Bxa7 Rxa7 16. Re3 Qf6 17. b4 Ne7 18. Ra2 Ng6 19. Kh2 Ngf4 20. Ng1 Qh6 21. Ng3 Nxg3 22. Rxg3 Ra8 23. Qd2 Bd7 24. b5 a5 25. Qe3 b6 26. Be2 Be6 27. Rb2 Rf6 28. Bg4 Bc4 29. Qd2 Raf8 30. Re3 g5 31. Rf3 Qg6 32. Bf5 Qg7 33. g3 Ne6 34. Bxe6 Bxe6 35. Rxf6 Qxf6 36. Kg2 Kg7 37. Qe3 Kg6 38. Ne2 h5 39. f3 Bc4 40. Nc1 Qe6 41. Rf2 h4 42. g4 Qf7 43. Nd3 Bxd3 44. Qxd3 Qf4 45. Qc4 Rf7 46. Qe6+ Kg7 47. Qe8 Qg3+ 48. Kf1 Qxh3+ 49. Ke2 Qg3 50. Qd8 Qf4 51. Kf1 h3 52. Kg1 Qc1+ 53. Kh2 Qe3 54. Kxh3 Qxf2 55. Qxg5+ Kh8 56. Qd8+ Kh7 0-1

[Event "DSAM Bad Wildungen 2024"]
[Site "Bad Wildungen"]
[Date "2024.08.01"]
[Round "1.2"]
[White "Vogel, Constantin"]
[Black "Arnold, Max"]
[Result "1-0"]
[Annotator "RC"]
[ECO "A34"]
[WhiteElo "2184"]
[BlackElo "2283"]
[PlyCount "84"]
[EventDate "2024.07.31"]
[EventCountry "GER"]
[SourceTitle "playchess.com"]
[Source "ChessBase"]
[SourceQuality "1"]
[TimeControl "40/5400+30:900+30"]

1. c4 c5 2. g3 Nf6 3. Bg2 d5 4. cxd5 Nxd5 5. Nc3 Nc7 6. Nf3 Nc6 7. O-O e5 8. b3 Be7 9. Bb2 O-O 10. Rc1 f6 11. Ne1 Bd7 12. Nd3 Rc8 13. f4 exf4 14. Nxf4 Re8 15. e3 Bf8 16. Ne4 Ne5 17. Nxc5 Bxc5 18. Rxc5 b6 19. Rc3 g5 20. Rxc7 Rxc7 21. Nd5 Bg4 22. Qa1 Rf7 23. Rxf6 Rxf6 24. Bxe5 Rf7 25. Bf6 Qd6 26. Qd4 Qd7 27. Bxg5 Be6 28. Bh6 Qd8 29. h4 Bc8 30. Bf1 Be6 31. Bc4 b5 32. Bxb5 Qxd5 33. Qxd5 Bxd5 34. Bxe8 Rc7 35. Bb5 Rc2 36. e4 Bxe4 37. Bc4+ Kh8 38. a4 a5 39. Kf2 Bc6 40. Ke3 Bd7 41. Kd4 Bg4 42. Kc5 Be6 1-0

[Event "DSAM Bad Wildungen 2024"]
[Site "Bad Wildungen"]
[Date "2024.08.01"]
[Round "1.3"]
[White "Boehme, Sebastian"]
[Black "Zimmermann, Klemens"]
[Result "1-0"]
[Annotator "RC"]
[ECO "B40"]
[WhiteElo "2232"]
[BlackElo "2198"]
[PlyCount "61"]
[EventDate "2024.07.31"]
[EventCountry "GER"]
[SourceTitle "playchess.com"]
[Source "ChessBase"]
[SourceQuality "1"]
[TimeControl "40/5400+30:900+30"]

1. e4 c5 2. Nf3 e6 3. c3 Nf6 4. Bd3 Nc6 5. Bc2 Qc7 6. O-O b6 7. Re1 Ba6 8. e5 Ng4 9. d4 cxd4 10. cxd4 h5 11. Nc3 d5 12. Bg5 b5 13. Bd3 Qb6 14. Qe2 Rb8 15. a4 Nxd4 16. Nxd4 Qxd4 17. Nxb5 Qb6 18. a5 Qb7 19. Nd6+ Bxd6 20. Bxa6 Qd7 21. exd6 Qxd6 22. g3 f6 23. h3 Kf7 24. hxg4 hxg4 25. Bf4 e5 26. Bxe5 fxe5 27. Qxe5 Qxa6 28. Qxd5+ Kf8 29. Ra4 Rh6 30. Rf4+ Rf6 31. Re6 1-0

[Event "DSAM Bad Wildungen 2024"]
[Site "Bad Wildungen"]
[Date "2024.08.01"]
[Round "1.4"]
[White "Huesmann, Thomas"]
[Black "Dathe, Frederick"]
[Result "1-0"]
[Annotator "RC"]
[ECO "B22"]
[WhiteElo "2165"]
[BlackElo "2247"]
[PlyCount "177"]
[EventDate "2024.07.31"]
[EventCountry "GER"]
[SourceTitle "playchess.com"]
[Source "ChessBase"]
[SourceQuality "1"]
[TimeControl "40/5400+30:900+30"]

1. e4 c5 2. c3 Nf6 3. e5 Nd5 4. d4 cxd4 5. cxd4 d6 6. Nf3 Nc6 7. Bc4 Nb6 8. Bb5 dxe5 9. Nxe5 Bd7 10. Bxc6 Bxc6 11. Nxc6 bxc6 12. Nc3 e6 13. O-O Be7 14. Be3 O-O 15. Rc1 Rc8 16. Qg4 Kh8 17. g3 Nd5 18. Qe2 Nxc3 19. Rxc3 Qa5 20. a3 Qb5 21. Qxb5 cxb5 22. Rfc1 Rxc3 23. Rxc3 Bd6 24. Rc6 Rd8 25. Ra6 Bb8 26. Kf1 h6 27. Ke2 g5 28. Rc6 Kg7 29. Rc5 a6 30. Rc6 Rd6 31. Rc8 Ba7 32. Ra8 Rd7 33. d5 Bxe3 34. dxe6 Re7 35. Kxe3 Rxe6+ 36. Kd3 g4 37. Rd8 Rf6 38. Ke2 Re6+ 39. Kd2 Kg6 40. Rd4 Kg5 41. Rd5+ Kg6 42. Rd4 h5 43. Rd5 Rf6 44. Ke2 Re6+ 45. Kd2 Rf6 46. Ke2 Rf3 47. Rd6+ f6 48. Rd3 Rf5 49. Rd6 Re5+ 50. Kd2 a5 51. Ra6 Rf5 52. Ke2 a4 53. Rd6 Rc5 54. Kd2 Kf5 55. Rd4 Ke5 56. Rb4 Kd6 57. Rf4 Ke6 58. Rb4 Rf5 59. Ke2 Kd6 60. b3 axb3 61. Rxb3 Kc5 62. Rc3+ Kd4 63. Rc8 Rf3 64. Rd8+ Kc3 65. Rb8 Rf5 66. Ra8 Re5+ 67. Kd1 Kb3 68. Kd2 Rd5+ 69. Ke3 Kc3 70. Rc8+ Kb2 71. Ra8 Rf5 72. Ra5 Kc2 73. f4 Rc5 74. Kd4 Rc4+ 75. Kd5 Ra4 76. Rxb5 Rxa3 77. Ke6 h4 78. gxh4 Rh3 79. Kxf6 Rxh2 80. Rg5 Rxh4 81. Kf5 Kd3 82. Rxg4 Rh8 83. Rg7 Ke3 84. Kg5 Ra8 85. f5 Ra5 86. Re7+ Kf3 87. Kg6 Kf4 88. Re1 Ra2 89. f6 1-0

[Event "DSAM Bad Wildungen 2024"]
[Site "Bad Wildungen"]
[Date "2024.08.01"]
[Round "1.5"]
[White "Kocharin, Timur"]
[Black "Tiarks, Jann-Christian"]
[Result "1-0"]
[Annotator "RC"]
[ECO "B42"]
[WhiteElo "2297"]
[BlackElo "2185"]
[PlyCount "65"]
[EventDate "2024.07.31"]
[EventCountry "GER"]
[SourceTitle "playchess.com"]
[Source "ChessBase"]
[SourceQuality "1"]
[TimeControl "40/5400+30:900+30"]

1. e4 c5 2. Nf3 d6 3. Bb5+ Nd7 4. O-O Ngf6 5. Re1 a6 6. Bf1 e6 7. c4 Be7 8. d4 cxd4 9. Nxd4 O-O 10. Nc3 Qc7 11. f3 Ne5 12. Qe2 Bd7 13. Be3 Rac8 14. Rac1 Rfe8 15. Qf2 Qa5 16. b3 d5 17. exd5 exd5 18. Nxd5 Nxd5 19. cxd5 Qxd5 20. h3 Bb4 21. Rxc8 Rxc8 22. Rd1 Qa5 23. f4 Nc6 24. Nc2 Bf5 25. Nxb4 Nxb4 26. Rd2 Nd5 27. Bd4 Rc1 28. Bb2 Rc8 29. Bc4 Nf6 30. Bxf6 gxf6 31. Rd5 b5 32. Rxf5 Qc3 33. Bf1 1-0

[Event "DSAM Bad Wildungen 2024"]
[Site "Bad Wildungen"]
[Date "2024.08.01"]
[Round "1.6"]
[White "Gluma, Christian"]
[Black "Jahncke, Giso"]
[Result "1-0"]
[Annotator "RC"]
[ECO "C54"]
[WhiteElo "2091"]
[BlackElo "2253"]
[PlyCount "53"]
[EventDate "2024.07.31"]
[EventCountry "GER"]
[SourceTitle "playchess.com"]
[Source "ChessBase"]
[SourceQuality "1"]
[TimeControl "40/5400+30:900+30"]

1. e4 e5 2. Nf3 Nc6 3. Bc4 Nf6 4. d3 Bc5 5. c3 a5 6. Nbd2 d6 7. O-O O-O 8. Bb3 Ba7 9. Re1 Ng4 10. Re2 Kh8 11. h3 f5 12. exf5 Nh6 13. g4 Nxf5 14. gxf5 Bxf5 15. Nf1 Bxh3 16. Ng5 Bg4 17. d4 exd4 18. Qd3 g6 19. Re4 Ne5 20. Qg3 dxc3 21. Bf4 Qf6 22. Ne3 cxb2 23. Re1 Bh5 24. Rxe5 Qxf4 25. Qxf4 Rxf4 26. Re7 d5 27. Bxd5 1-0

[Event "DSAM Bad Wildungen 2024"]
[Site "Bad Wildungen"]
[Date "2024.08.01"]
[Round "1.7"]
[White "Kracht, Raphael"]
[Black "Rolle, Eric"]
[Result "1-0"]
[Annotator "RC"]
[ECO "B01"]
[WhiteElo "2199"]
[BlackElo "2167"]
[PlyCount "73"]
[EventDate "2024.07.31"]
[EventCountry "GER"]
[SourceTitle "playchess.com"]
[Source "ChessBase"]
[SourceQuality "1"]
[TimeControl "40/5400+30:900+30"]

1. e4 d5 2. exd5 Nf6 3. Nf3 Nxd5 4. d4 Bg4 5. c4 Nb6 6. c5 Nd5 7. Qb3 Bc8 8. Bc4 e6 9. O-O Be7 10. Re1 O-O 11. Nc3 Nxc3 12. bxc3 Nc6 13. Bd3 b6 14. Qc2 h6 15. Bh7+ Kh8 16. Be4 Bb7 17. Rb1 Bf6 18. Bf4 Qc8 19. Qc1 g5 20. Bg3 Ne7 21. h4 Bxe4 22. Rxe4 Nf5 23. hxg5 hxg5 24. Nxg5 Qd8 25. Be5 Bxe5 26. Rxe5 Qf6 27. Qf4 Qg6 28. Re4 Kg7 29. Qe5+ Kh6 30. Rg4 Qxg5 31. Rxg5 Kxg5 32. Re1 bxc5 33. Re3 Kg6 34. Re4 Rab8 35. Rg4+ Kh5 36. f3 cxd4 37. Qh2+ 1-0

[Event "DSAM Bad Wildungen 2024"]
[Site "Bad Wildungen"]
[Date "2024.08.01"]
[Round "1.8"]
[White "Gaertner, Michael"]
[Black "Menzel, Maximilian"]
[Result "0-1"]
[Annotator "RC"]
[ECO "D00"]
[WhiteElo "2037"]
[BlackElo "2108"]
[PlyCount "82"]
[EventDate "2024.07.31"]
[EventCountry "GER"]
[SourceTitle "playchess.com"]
[Source "ChessBase"]
[SourceQuality "1"]
[TimeControl "40/5400+30:900+30"]

1. d4 Nf6 2. Nc3 d5 3. Bf4 c5 4. e4 dxe4 5. d5 a6 6. Nge2 Nbd7 7. Ng3 Nb6 8. Qd2 Nbxd5 9. O-O-O e6 10. Bc4 Be7 11. Ngxe4 Nxe4 12. Nxe4 O-O 13. Bg3 Nb6 14. Qc3 Qe8 15. Be2 Nd5 16. Qb3 b5 17. c4 bxc4 18. Bxc4 Nf6 19. Nd6 Qc6 20. f3 Rd8 21. Nxc8 Raxc8 22. Rhe1 Rd4 23. Be5 Rxd1+ 24. Rxd1 a5 25. Bb5 c4 26. Qa4 Qc5 27. Bc3 Nd5 28. Rd4 Nxc3 29. bxc3 Rb8 30. Bxc4 Qg5+ 31. Rd2 Bc5 32. Kc2 Rb2+ 33. Kxb2 Qxd2+ 34. Kb1 Qxc3 35. Qc2 Qe1+ 36. Qc1 Qb4+ 37. Bb3 a4 38. Qd1 axb3 39. axb3 g6 40. Qd8+ Kg7 41. Kc2 Bd4 0-1

[Event "DSAM Bad Wildungen 2024"]
[Site "Bad Wildungen"]
[Date "2024.08.01"]
[Round "1.9"]
[White "Kamp, Adrian"]
[Black "Belz, Frank-Martin"]
[Result "1-0"]
[Annotator "RC"]
[ECO "B12"]
[WhiteElo "2120"]
[BlackElo "2025"]
[PlyCount "85"]
[EventDate "2024.07.31"]
[EventCountry "GER"]
[SourceTitle "playchess.com"]
[Source "ChessBase"]
[SourceQuality "1"]
[TimeControl "40/5400+30:900+30"]

1. e4 c6 2. d4 d5 3. e5 c5 4. dxc5 e6 5. a3 Bxc5 6. b4 Be7 7. Qg4 g6 8. Nf3 h5 9. Qf4 Nh6 10. Bd3 a5 11. b5 Nd7 12. O-O Nc5 13. a4 b6 14. Nc3 Bd7 15. Ne2 Qc7 16. Ned4 O-O-O 17. Bd2 Rdg8 18. h4 f6 19. Nb3 g5 20. hxg5 fxg5 21. Qe3 g4 22. Nfd4 Nf7 23. Rfe1 h4 24. Qf4 Rf8 25. Bf1 Ne4 26. Rxe4 dxe4 27. Qxe4 g3 28. f4 Nh6 29. c4 Nf5 30. Nxf5 Rxf5 31. Rc1 Qb7 32. Qd4 Rd8 33. Qe3 Kb8 34. Bd3 Rff8 35. Be4 Qa7 36. Bc3 Bc5 37. Nxc5 bxc5 38. b6 Qa6 39. Qxc5 Bc6 40. Qxc6 Rf7 41. Qxe6 Rfd7 42. Bd5 Qxc4 43. Bxc4 1-0

[Event "DSAM Bad Wildungen 2024"]
[Site "Bad Wildungen"]
[Date "2024.08.01"]
[Round "1.10"]
[White "Lenhardt, Manfred"]
[Black "Lippert, Daniel"]
[Result "1/2-1/2"]
[Annotator "RC"]
[ECO "D46"]
[WhiteElo "2019"]
[BlackElo "2115"]
[PlyCount "43"]
[EventDate "2024.07.31"]
[EventCountry "GER"]
[SourceTitle "playchess.com"]
[Source "ChessBase"]
[SourceQuality "1"]
[TimeControl "40/5400+30:900+30"]

1. d4 d5 2. Nf3 Nf6 3. c4 c6 4. Nc3 e6 5. e3 Nbd7 6. Qc2 Bd6 7. Bd3 O-O 8. O-O dxc4 9. Bxc4 b5 10. Bd3 Bb7 11. e4 e5 12. h3 exd4 13. Nxd4 Nc5 14. Rd1 Qc7 15. Bg5 Be5 16. Nf3 b4 17. Nxe5 Qxe5 18. Bxf6 Qxf6 19. e5 Qxe5 20. Bxh7+ Kh8 21. Ne4 Nxe4 22. Bxe4 1/2-1/2

[Event "DSAM Bad Wildungen 2024"]
[Site "Bad Wildungen"]
[Date "2024.08.01"]
[Round "1.11"]
[White "Kull, Florian"]
[Black "Niesel, Matthias P."]
[Result "1-0"]
[Annotator "RC"]
[ECO "D02"]
[WhiteElo "2113"]
[BlackElo "2022"]
[PlyCount "89"]
[EventDate "2024.07.31"]
[EventCountry "GER"]
[SourceTitle "playchess.com"]
[Source "ChessBase"]
[SourceQuality "1"]
[TimeControl "40/5400+30:900+30"]

1. Nf3 d5 2. d4 Nf6 3. g3 g6 4. Bg2 Bg7 5. O-O O-O 6. a4 a5 7. c4 c6 8. Qb3 dxc4 9. Qxc4 Be6 10. Qc2 h6 11. Nbd2 Na6 12. e4 Nb4 13. Qc3 Nd7 14. Nb3 b6 15. Be3 c5 16. Ra3 Rc8 17. Qd2 c4 18. Na1 Nf6 19. Ne5 Ng4 20. Nxg4 Bxg4 21. h3 Be6 22. d5 Bd7 23. Bxh6 Qe8 24. Bxg7 Kxg7 25. Qd4+ f6 26. Qxb6 Ra8 27. Rc1 Qc8 28. h4 Nd3 29. Rxd3 cxd3 30. Rxc8 Raxc8 31. Qe3 Bxa4 32. Bf1 Bc2 33. Kg2 Rb8 34. Bxd3 Bxd3 35. Qxd3 Rxb2 36. Qa3 Rb5 37. Qxe7+ Rf7 38. Qe8 Rb2 39. Qa8 Ra2 40. Nb3 a4 41. Nc5 a3 42. d6 Rd2 43. d7 a2 44. d8=Q Rxd8 45. Ne6+ 1-0

[Event "DSAM Bad Wildungen 2024"]
[Site "Bad Wildungen"]
[Date "2024.08.01"]
[Round "1.12"]
[White "Heutling, Elina"]
[Black "Heck, Norbert"]
[Result "0-1"]
[Annotator "RC"]
[ECO "B33"]
[WhiteElo "1984"]
[BlackElo "2099"]
[PlyCount "150"]
[EventDate "2024.07.31"]
[EventCountry "GER"]
[SourceTitle "playchess.com"]
[Source "ChessBase"]
[SourceQuality "1"]
[TimeControl "40/5400+30:900+30"]

1. e4 c5 2. Nf3 a6 3. Nc3 Nc6 4. d4 cxd4 5. Nxd4 e5 6. Nb3 Nf6 7. Be2 Bb4 8. O-O O-O 9. Bg5 Bxc3 10. bxc3 h6 11. Bxf6 Qxf6 12. Nd2 d6 13. Nc4 Be6 14. Nb6 Rad8 15. Bg4 Qg6 16. Bxe6 fxe6 17. f3 d5 18. exd5 exd5 19. Nxd5 b5 20. Rf2 e4 21. fxe4 Qxe4 22. Rd2 Kh8 23. Qe1 Qc4 24. Rad1 Rde8 25. Qg3 Qc5+ 26. Kh1 Qc4 27. Rd3 Ne5 28. Ne3 Nxd3 29. Nxc4 Nf2+ 30. Kg1 Nxd1 31. Ne5 Rf5 32. Ng6+ Kh7 33. Nh4 Rfe5 34. h3 Ne3 35. Qg6+ Kg8 36. Nf3 R5e6 37. Qd3 Nc4 38. Qd5 Kh8 39. Nd4 Rf6 40. Qd7 Re5 41. Nf3 Re3 42. Qd4 Rd6 43. Qc5 Rf6 44. Qd4 Rd6 45. Qc5 Rd1+ 46. Kh2 Rd8 47. Qc7 Rf8 48. Nh4 Kh7 49. Qc5 Rf6 50. Qd4 Rd6 51. Qc5 Re5 52. Qc7 Rf6 53. Qd7 Nd6 54. Nf3 Re3 55. Qc7 Ne4 56. Qe5 Re2 57. Nd2 Rxd2 58. Qxe4+ Kh8 59. Qe8+ Kh7 60. Qe4+ Kg8 61. Qe8+ Kh7 62. Qe4+ Rg6 63. h4 Rdxg2+ 64. Qxg2 Rxg2+ 65. Kxg2 Kg6 66. Kf3 Kf5 67. a3 g6 68. Kg3 Ke4 69. Kg4 a5 70. Kg3 Kd5 71. Kf4 Kc4 72. Ke5 g5 73. h5 Kxc3 74. Kf5 Kxc2 75. Kg6 g4 0-1

[Event "DSAM Bad Wildungen 2024"]
[Site "Bad Wildungen"]
[Date "2024.08.01"]
[Round "1.13"]
[White "Meier, David Geffrey"]
[Black "Stierhof, Michael"]
[Result "1-0"]
[Annotator "RC"]
[ECO "D30"]
[WhiteElo "2105"]
[BlackElo "1994"]
[PlyCount "131"]
[EventDate "2024.07.31"]
[EventCountry "GER"]
[SourceTitle "playchess.com"]
[Source "ChessBase"]
[SourceQuality "1"]
[TimeControl "40/5400+30:900+30"]

1. d4 Nf6 2. c4 e6 3. Nf3 d5 4. g3 c5 5. cxd5 exd5 6. Bg2 Nc6 7. O-O cxd4 8. Nxd4 Bc5 9. Be3 Qb6 10. Nc3 Bxd4 11. Na4 Bxe3 12. Nxb6 Bxb6 13. Bxd5 Nxd5 14. Qxd5 O-O 15. Rfd1 Be6 16. Qe4 Rfe8 17. Qa4 Rad8 18. Rxd8 Rxd8 19. Rd1 Rxd1+ 20. Qxd1 h5 21. Kg2 g6 22. a3 Nd4 23. Qd3 Bd7 24. e4 Bg4 25. h3 Bf3+ 26. Kh2 h4 27. Qe3 hxg3+ 28. fxg3 Bd1 29. Qf4 Ne6 30. Qb8+ Kg7 31. Qxb7 Bf3 32. Qd5 Nd4 33. Qe5+ Kg8 34. Qe8+ Kg7 35. Qe5+ Kg8 36. Qe8+ Kg7 37. Qe5+ Kg8 38. Qf4 Bd1 39. Qb8+ Kg7 40. Qe5+ Kg8 41. Qe8+ Kg7 42. Kg2 Ne6 43. Qb8 Bd4 44. h4 a5 45. b4 axb4 46. axb4 Bc2 47. Qb7 Bf6 48. Qd5 Be7 49. Qc4 Ba4 50. b5 Nc5 51. Kf3 Bd1+ 52. Ke3 Bg4 53. Qd4+ Kg8 54. Qe5 Bf8 55. Qc7 Bh6+ 56. Kf2 Nxe4+ 57. Kg2 Bf8 58. Qf4 f5 59. Qc7 Nd6 60. Qc5 Be2 61. Qd5+ Kh7 62. Qa8 Kg8 63. Qd5+ Kh7 64. Qa8 Bg7 65. b6 Bb5 66. Qd5 1-0

[Event "DSAM Bad Wildungen 2024"]
[Site "Bad Wildungen"]
[Date "2024.08.01"]
[Round "1.14"]
[White "Trunz, Michelle"]
[Black "Pixa, Richard"]
[Result "1-0"]
[Annotator "RC"]
[ECO "D31"]
[WhiteElo "2044"]
[BlackElo "2099"]
[PlyCount "71"]
[EventDate "2024.07.31"]
[EventCountry "GER"]
[SourceTitle "playchess.com"]
[Source "ChessBase"]
[SourceQuality "1"]
[TimeControl "40/5400+30:900+30"]

1. d4 d5 2. c4 e6 3. Nc3 c6 4. e4 dxe4 5. Nxe4 Bb4+ 6. Nc3 c5 7. Nf3 Nf6 8. Be2 Nc6 9. Be3 Ne4 10. Rc1 cxd4 11. Nxd4 Nxc3 12. bxc3 Bd6 13. O-O O-O 14. Nxc6 bxc6 15. c5 Be5 16. f4 Bf6 17. Bf3 Ba6 18. c4 Qa5 19. Bxc6 Rab8 20. Qa4 Qxa4 21. Bxa4 Rb2 22. Rf2 Rc8 23. Rxb2 Bxb2 24. Rc2 Bf6 25. c6 Rc7 26. Bc5 Be7 27. Bxe7 Rxe7 28. Rd2 f6 29. Bb5 Bxb5 30. cxb5 Kf7 31. a4 e5 32. a5 e4 33. b6 axb6 34. axb6 e3 35. Re2 Ke8 36. b7 1-0

[Event "DSAM Bad Wildungen 2024"]
[Site "Bad Wildungen"]
[Date "2024.08.01"]
[Round "1.15"]
[White "Roess, Jonas"]
[Black "Marcziter, Alex"]
[Result "1/2-1/2"]
[Annotator "RC"]
[ECO "C77"]
[WhiteElo "1879"]
[BlackElo "2024"]
[PlyCount "96"]
[EventDate "2024.07.31"]
[EventCountry "GER"]
[SourceTitle "playchess.com"]
[Source "ChessBase"]
[SourceQuality "1"]
[TimeControl "40/5400+30:900+30"]

1. e4 e5 2. Nf3 Nc6 3. Bb5 a6 4. Ba4 Nf6 5. d3 b5 6. Bb3 Be7 7. a4 Bb7 8. c3 d6 9. Nbd2 O-O 10. Nf1 d5 11. exd5 Nxd5 12. Ng3 Re8 13. O-O h6 14. Re1 Bc5 15. d4 Ba7 16. Nxe5 Nxe5 17. Rxe5 c5 18. Rxe8+ Qxe8 19. axb5 axb5 20. dxc5 Bxc5 21. Rxa8 Bxa8 22. Kf1 Nf6 23. Qe2 Qd7 24. Be3 Bxe3 25. Qxe3 Ng4 26. Qf4 Bc6 27. h3 Nf6 28. Kg1 Qb7 29. Nf5 Ne8 30. Qg3 Kh8 31. Bc2 Qd7 32. Qe3 Qd5 33. f3 Qe6 34. Qxe6 fxe6 35. Nd4 Bd7 36. f4 Nc7 37. Kf2 Nd5 38. g3 Kg8 39. Bb3 Kf8 40. f5 e5 41. Ne6+ Bxe6 42. fxe6 Nc7 43. Ke3 Ke7 44. Ke4 Kf6 45. g4 g5 46. Bd5 Na6 47. c4 Nc5+ 48. Ke3 b4 1/2-1/2

[Event "DSAM Bad Wildungen 2024"]
[Site "Bad Wildungen"]
[Date "2024.08.01"]
[Round "1.16"]
[White "Lu, Yunong Elias"]
[Black "Cramer, Philipp"]
[Result "1-0"]
[Annotator "RC"]
[ECO "B38"]
[WhiteElo "1996"]
[BlackElo "1905"]
[PlyCount "61"]
[EventDate "2024.07.31"]
[EventCountry "GER"]
[SourceTitle "playchess.com"]
[Source "ChessBase"]
[SourceQuality "1"]
[TimeControl "40/5400+30:900+30"]

1. e4 c5 2. Nf3 g6 3. c4 Bg7 4. d4 cxd4 5. Nxd4 Nf6 6. Nc3 Qa5 7. f3 Nc6 8. Nb3 Qd8 9. Be3 d6 10. Be2 Be6 11. Nd4 O-O 12. Qd2 Nxd4 13. Bxd4 Nd7 14. Bxg7 Kxg7 15. O-O Rc8 16. b3 Qa5 17. Kh1 Rc7 18. Rab1 a6 19. a4 Qb4 20. f4 f6 21. Qe3 Qc5 22. Qg3 f5 23. exf5 Qxf5 24. Bd3 Qh5 25. Rbe1 Nc5 26. Bc2 Bf5 27. Bd1 Qh6 28. Nd5 Rd7 29. Qc3+ Kf7 30. Rxe7+ Rxe7 31. Qf6+ 1-0

[Event "DSAM Bad Wildungen 2024"]
[Site "Bad Wildungen"]
[Date "2024.08.01"]
[Round "1.17"]
[White "Petzold, Johannes Julius"]
[Black "Derr, Oleg"]
[Result "0-1"]
[Annotator "RC"]
[ECO "B45"]
[WhiteElo "1978"]
[BlackElo "1947"]
[PlyCount "66"]
[EventDate "2024.07.31"]
[EventCountry "GER"]
[SourceTitle "playchess.com"]
[Source "ChessBase"]
[SourceQuality "1"]
[TimeControl "40/5400+30:900+30"]

1. e4 c5 2. Nf3 Nc6 3. d4 cxd4 4. Nxd4 Nf6 5. Nc3 e6 6. Ndb5 Bc5 7. Nd6+ Ke7 8. Nc4 d5 9. e5 Ne8 10. Nd2 Nxe5 11. Nb3 Bb6 12. Qh5 Ng6 13. Bd3 Nf6 14. Bg5 Kf8 15. Qe2 h6 16. Bd2 Bd7 17. O-O-O Ne7 18. g4 d4 19. Ne4 Nfd5 20. g5 h5 21. Bc4 Bc6 22. Rhe1 Rc8 23. Bxd5 Qxd5 24. Bb4 Bb5 25. Qf3 Qc4 26. Bxe7+ Kxe7 27. Rd2 a5 28. g6 f6 29. Nxf6 gxf6 30. Qxb7+ Qc7 31. Qd5 Qc6 32. Qf5 d3 33. g7 Rhg8 0-1

[Event "DSAM Bad Wildungen 2024"]
[Site "Bad Wildungen"]
[Date "2024.08.01"]
[Round "1.18"]
[White "Trunz, Tamila"]
[Black "Koelpin, Arvid"]
[Result "0-1"]
[Annotator "RC"]
[ECO "B98"]
[WhiteElo "1985"]
[BlackElo "1865"]
[PlyCount "66"]
[EventDate "2024.07.31"]
[EventCountry "GER"]
[SourceTitle "playchess.com"]
[Source "ChessBase"]
[SourceQuality "1"]
[TimeControl "40/5400+30:900+30"]

1. e4 c5 2. Nf3 d6 3. d4 cxd4 4. Nxd4 Nf6 5. Nc3 a6 6. Bg5 e6 7. f4 Be7 8. Qf3 Qc7 9. O-O-O b5 10. e5 Bb7 11. exd6 Bxd6 12. Qe3 Bc5 13. Bxf6 gxf6 14. Ne4 Nd7 15. Nxc5 Nxc5 16. Nf5 Ne4 17. Ng7+ Kf8 18. Nh5 Ke7 19. Bd3 Qc5 20. Qf3 f5 21. Rhe1 Bd5 22. Qh3 f6 23. Qh4 Raf8 24. Re2 Rhg8 25. h3 Nd6 26. Rde1 Rxg2 27. Re5 Qd4 28. Ng3 Kd8 29. R5e3 Qb4 30. R3e2 Bf3 31. Rxe6 Nc4 32. Re8+ Rxe8 33. Qxf6+ Kc7 0-1

[Event "DSAM Bad Wildungen 2024"]
[Site "Bad Wildungen"]
[Date "2024.08.01"]
[Round "1.19"]
[White "Braeuer, Karl-Heinz"]
[Black "Muendoerfer, Sebastian"]
[Result "0-1"]
[Annotator "RC"]
[ECO "E14"]
[WhiteElo "1916"]
[BlackElo "1988"]
[PlyCount "52"]
[EventDate "2024.07.31"]
[EventCountry "GER"]
[SourceTitle "playchess.com"]
[Source "ChessBase"]
[SourceQuality "1"]
[TimeControl "40/5400+30:900+30"]

1. d4 Nf6 2. c4 e6 3. a3 b6 4. Nf3 Bb7 5. e3 Be7 6. Be2 O-O 7. Nc3 d5 8. cxd5 Nxd5 9. Bd2 Nd7 10. O-O c5 11. Rc1 Rc8 12. Nxd5 Bxd5 13. Bd3 Nf6 14. Bc3 Ne4 15. Bxe4 Bxe4 16. Nd2 Bb7 17. dxc5 Rxc5 18. Qe2 Qc8 19. f4 Bf6 20. Nb3 Ba6 21. Qg4 Rxc3 22. bxc3 Bxf1 23. Rxf1 Qxc3 24. Qd1 Rd8 25. Qb1 Qxe3+ 26. Kh1 h6 0-1

[Event "DSAM Bad Wildungen 2024"]
[Site "Bad Wildungen"]
[Date "2024.08.01"]
[Round "1.20"]
[White "Strebel, Michael"]
[Black "Siemes, Robert"]
[Result "1-0"]
[Annotator "RC"]
[ECO "A03"]
[WhiteElo "1955"]
[BlackElo "1903"]
[PlyCount "33"]
[EventDate "2024.07.31"]
[EventCountry "GER"]
[SourceTitle "playchess.com"]
[Source "ChessBase"]
[SourceQuality "1"]
[TimeControl "40/5400+30:900+30"]

1. f4 Nf6 2. Nf3 c5 3. e3 d5 4. b3 e6 5. Bb2 Be7 6. Be2 Nc6 7. Ne5 Qc7 8. O-O O-O 9. Nxc6 Qxc6 10. c4 b6 11. Bf3 Bb7 12. d3 Rad8 13. Qe2 Qc8 14. Nd2 Ne8 15. e4 Nd6 16. exd5 exd5 17. Qxe7 1-0

[Event "DSAM Bad Wildungen 2024"]
[Site "Bad Wildungen"]
[Date "2024.08.01"]
[Round "1.21"]
[White "Schelkmann, Carl"]
[Black "Ley, Sabrina"]
[Result "1-0"]
[Annotator "RC"]
[ECO "B01"]
[WhiteElo "1884"]
[BlackElo "1953"]
[PlyCount "91"]
[EventDate "2024.07.31"]
[EventCountry "GER"]
[SourceTitle "playchess.com"]
[Source "ChessBase"]
[SourceQuality "1"]
[TimeControl "40/5400+30:900+30"]

1. e4 d5 2. exd5 Qxd5 3. Nc3 Qd6 4. Bc4 Nf6 5. d3 a6 6. Qf3 Nc6 7. Ne4 Qe5 8. Ne2 h5 9. h3 Bg4 10. Qe3 Bxe2 11. f4 Qd4 12. Qxe2 Nxe4 13. Qxe4 Qxe4+ 14. dxe4 e5 15. f5 Bc5 16. c3 Na5 17. Bd3 Ba7 18. Ke2 O-O-O 19. Rd1 Rd6 20. Bg5 f6 21. Bh4 Rc6 22. Rd2 Rd8 23. Rad1 Nc4 24. Bxc4 Rxd2+ 25. Rxd2 Rxc4 26. Kf3 b5 27. a3 Bb6 28. Be1 Ba7 29. Rd5 Bb6 30. b3 Rc6 31. Kg3 Ba5 32. Rd3 Rd6 33. Rxd6 cxd6 34. Kh4 Kd7 35. Kxh5 Ke7 36. Kg6 Kf8 37. h4 Bb6 38. Bd2 Bd8 39. g4 Be7 40. c4 bxc4 41. bxc4 d5 42. cxd5 Bxa3 43. h5 Be7 44. Ba5 Bd6 45. h6 gxh6 46. Kxf6 1-0